 Dungeon Crawl Stone Soup version 0.32-a0-818-gb728d0252e (webtiles) character file.

Game seed: 3218860464750799658

588 whatisthis the Covert (level 7, -2/40 HPs)
             Began as a Kobold Brigand on Mar 23, 2024.
             Splashed by a jelly's acid (5 damage)
             ... on level 5 of the Dungeon.
             The game lasted 00:08:42 (4658 turns).

whatisthis the Covert (Kobold Brigand)              Turns: 4658, Time: 00:08:43

Health: -2/40      AC:  0    Str:  8    XL:     7   Next: 65%
Magic:  7/7        EV: 13    Int: 13    God:
Gold:   302        SH:  0    Dex: 18    Spells: 6/6 levels left

rFire   + . .        a - +2 dagger
rCold   . . .        (no shield)
rNeg    . . .        b - +0 robe
rPois   .            (no helmet)
rElec   .            c - +0 cloak
rCorr   .            n - +0 pair of gloves
SInv    .            (no boots)
Will    .....        (no amulet)
Stlth   +++++        u - ring of protection from fire
HPRegen 0.26/turn    z - +4 ring of protection
MPRegen 0.10/turn

%: no passive effects
@: corroded
A: small, no large weapons, nightstalker 3
a: no special abilities


You were on level 5 of the Dungeon.
You visited 1 branch of the dungeon, and saw 5 of its levels.

You collected 302 gold pieces.

Inventory:

Hand Weapons
 a - a +2 dagger (weapon)
 y - a +0 long sword
Missiles
 d - 14 poisoned darts (quivered)
 e - 3 curare-tipped darts
 q - 3 boomerangs
Armour
 b - a +0 robe (worn)
 c - a +0 cloak (worn)
 n - a +0 pair of gloves (worn)
 w - a +0 buckler
Jewellery
 u - a ring of protection from fire (left hand)
 z - a +4 ring of protection (right hand)
Wands
 g - a wand of charming (4)
 v - a wand of polymorph (6)
Scrolls
 f - a scroll of acquirement
 h - 2 scrolls of silence
 j - a scroll of poison {unknown}
 k - a scroll of identify
 l - 3 scrolls of immolation
 m - 2 scrolls of noise {unknown}
 o - a scroll of enchant weapon {unknown}
 p - 2 scrolls of vulnerability {unknown}
 r - a scroll of fear {unknown}
 s - a scroll of teleportation {unknown}
 t - a scroll of enchant armour {unknown}
Potions
 i - 2 potions of attraction
 x - a potion of curing {unknown}


   Skills:
 - Level 2.1 Fighting
 + Level 7.6 Short Blades
 - Level 2.1 Throwing
 - Level 1.2 Dodging
 + Level 9.4 Stealth


You had 6 spell levels left.
You didn't know any spells.
Your spell library contained the following spells:

 Spells                   Type           Power      Damage    Failure   Level
 Blink                    Tloc           0%         N/A       43%         2
 Ensorcelled Hibernation  Hex/Ice        0%         N/A       43%         2
 Lesser Beckoning         Tloc           0%         N/A       43%         2
 Momentum Strike          Conj/Tloc      0%         3d8       43%         2
 Gell's Gravitas          Tloc           0%         N/A       67%         3
 Passwall                 Erth           0%         N/A       67%         3
 Swiftness                Air            0%         N/A       67%         3
 Teleport Other           Tloc           0%         N/A       67%         3
 Tukima's Dance           Hex            0%         N/A       67%         3
 Dimensional Bullseye     Hex/Tloc       0%         N/A       97%         4
 Iskenderun's Mystic Bla  Conj/Tloc      0%         2d3       97%         4


Dungeon Overview and Level Annotations

Branches:
Dungeon (5/15)
 Temple: D:4-7

Altars:
Makhleb
Sif Muna

Shops:
D:5 (

Annotations:
D:4 1 exclusion
D:5 Eustachio, Ijyb


Innate Abilities, Weirdness & Mutations

You are small and have problems with some larger weapons.
You are completely attuned to the shadows.


Message History

f - a scroll of acquirement
As you read the scroll of identify, it crumbles to dust.
h - 2 scrolls of silence
Things that are here:
3 stones; a +0 short sword You see here a +0 dagger.
There is a stone staircase leading down here.
You climb downwards.
Level annotation: Eustachio, Ijyb
Found 14 gold pieces and a scroll of identify.
There is a stone staircase leading up here.
Found a stone staircase leading down.
k - a scroll of identify
There are no items here.
You now have 302 gold pieces (gained 14).
There are no items here.
Found a marble ring.
z - a +4 ring of protection
z - a +4 ring of protection (right hand)
You drop a ring of wizardry.
You see here a ring of wizardry.
o - a scroll labelled LAEQIB FAIT
There is an open door here.
Found a stone staircase leading down.
A jelly comes into view.
The jelly quivers.
You hit the jelly.
Your hands burn!
The jelly is lightly wounded.
The jelly closely misses you.
You hit the jelly. The acid corrodes you!
Your hands burn!
The jelly is heavily wounded.
You hit the jelly. The acid corrodes you!
Your hands burn!
The jelly is severely wounded.
The jelly hits you. The acid corrodes you!
You are splashed with acid!
You hit the jelly but do no damage.
Your hands burn!
The jelly is severely wounded.
The jelly hits you.
You are splashed with acid!
* * * LOW HITPOINT WARNING * * *
You hit the jelly but do no damage.
Your hands burn!
You die...

................######.....#.....
................#....+.....#.....
..##..##........'....#.....#.....
>. #### .......#....#.....#.....
.......#....#.....##..##
......######.....##+### .##..#
.##.....#.....
##..##...#.....#...5.
.....@....#...∩.##..##
......J...#.....##..##
.##..##...#.....#....# ####
...#..†.(#....# ..#.....#....#
#...@.#....# #....5#....#
#.....#....# #.....#@...#


You could see a jelly.

Vanquished Creatures
  Sigmund (D:3)
  2 bombardier beetles
  2 orc priests (D:3)
  2 sleepcaps
  An iguana (D:4)
  An orc wizard (D:3)
  3 gnolls (D:5)
  7 adders
  A shadow imp (D:5)
  2 dart slugs
  2 ribbon worms (D:2)
  3 orcs
  6 bats
  6 endoplasms
  8 giant cockroaches
  10 goblins
  6 hobgoblins
  2 jackals (D:1)
  4 quokkas
  6 ball pythons
  4 frilled lizards
  4 kobolds
  4 rats
87 creatures vanquished.

Vanquished Creatures (collateral kills)
  2 kobolds (D:4)
2 creatures vanquished.

Grand Total: 89 creatures vanquished

Notes
Turn   | Place    | Note
-------+----------+-------------------------------------------
     0 | D:1      | whatisthis the Kobold Brigand began the quest for the Orb.
     0 | D:1      | Reached XP level 1. HP: 12/12 MP: 1/1
   169 | D:1      | Reached XP level 2. HP: 16/17 MP: 2/2
   513 | D:1      | Reached XP level 3. HP: 21/21 MP: 3/3
   644 | D:1      | Reached skill level 6 in Stealth
   993 | D:2      | Reached XP level 4. HP: 26/26 MP: 4/4
  1170 | D:2      | Found a shimmering blue altar of Sif Muna.
  1923 | D:3      | Noticed Sigmund
  1928 | D:3      | Killed Sigmund
  1929 | D:3      | Reached skill level 8 in Stealth
  1929 | D:3      | Reached XP level 5. HP: 30/30 MP: 5/5
  1929 | D:3      | Reached XP level 6. HP: 35/35 MP: 6/6
  1987 | D:3      | Found a faded altar of an unknown god.
  2798 | D:4      | Reached XP level 7. HP: 40/40 MP: 7/7
  2974 | D:4      | HP: 2/40 [sleepcap (1)]
  3362 | D:4      | Found a burning altar of Makhleb.
  3545 | D:5      | Entered Level 5 of the Dungeon
  3570 | D:5      | Reached skill level 9 in Stealth
  3637 | D:5      | Found Fucoimu's Antique Weapon Emporium.
  3809 | D:5      | Noticed Eustachio
  3809 | D:5      | Noticed Ijyb
  4538 | D:4      | Identified a scroll of acquirement
  4658 | D:5      | Splashed by a jelly's acid

Illustrated notes

Levels and vault maps discovered:
D:1:      orjb1_lava_funnel, layout_basic
D:2:      layout_loops_corners, basic_altar
D:3:      layout_rooms, hellmonk_ecumenical_altar_run_dry,
          gup_sewer_entry_bubbles, uniq_sigmund
D:4:      layout_loops_ring, mainiacjoe_overflow_surrounded_room,
          serial_park_tiny_1, hangedman_decor_slide_cut
D:5:      layout_gridville, serial_shops, shop, uniq_edmund, uniq_eustachio,
          uniq_ijyb

Skill      XL: |  1  2  3  4  5  6  7 |
---------------+----------------------+-----
Short Blades   | 3 4 6 7 |  7.6
Stealth        | 6 8 9 |  9.4
Fighting       | |  2.1
Throwing       | |  2.1
Dodging        | |  1.2

Action                     |  1- 3 |  4- 6 |  7- 9 || total
---------------------------+-------+-------+-------++-------
  Melee: Dagger            |    93 |   136 |   129 ||   358
  Evoke: Wand              |       |       |     7 ||     7
    Use: Scroll            |       |       |     4 ||     4
         Potion            |       |       |     4 ||     4
   Stab: Sleeping          |    14 |    18 |    11 ||    43
 Armour: Robe              |    35 |    53 |    44 ||   132
  Dodge: Dodged            |    45 |    85 |    43 ||   173

Table legend: (Time is in decaauts)
 A = Elapsed time spent in this place.
 B = Non-inter-level travel time spent in this place.
 C = Inter-level travel time spent in this place.
 D = Time resting spent in this place.
 E = Time spent auto-exploring this place.
 F = Levels seen in this place.
 G = Mean time per level.
                   A        B        C        D        E       F      G
               +--------+--------+--------+--------+--------+-----+--------+
         Total |   4581 |   4351 |    230 |    360 |   2844 |   5 |  916.2 |
       Dungeon |   4581 |   4351 |    230 |    360 |   2844 |   5 |  916.2 |
               +--------+--------+--------+--------+--------+-----+--------+

Top non-repeatable levels by time:
     D:4: 1261 daAuts
     D:2: 1060 daAuts
     D:3: 858 daAuts
     D:1: 838 daAuts
     D:5: 562 daAuts
